 Dungeon Crawl Stone Soup version 0.27-a0-1136-g0b992a5a9d (webtiles) character file.

Game seed: 9844973148472972643

43540 1player the Envoy of Void (level 13, -3/118 HPs)
             Began as a Red Draconian Abyssal Knight on May 5, 2021.
             Was a High Priest of Lugonu.
             Shot with an arrow by Nessos (4 damage)
             ... on level 12 of the Dungeon.
             The game lasted 01:02:11 (30642 turns).

1player the Envoy of Void (DrAK)                   Turns: 30642, Time: 01:02:12

Health: -3/118     AC: 15    Str: 17    XL:     13   Next: 91%
Magic:  27/32      EV: 17    Int: 20    God:    Lugonu [*****.]
Gold:   1272       SH:  5    Dex: 17    Spells: 4/12 levels left

rFire    + . .     SeeInvis .   H - +4 mace (spect)
rCold    + . .     Faith    .   C - +0 buckler
rNeg     . . .     Spirit   .   (armour unavailable)
rPois    .         Reflect  .   w - +3 hat of Pondering {ponderous, Will+ MP+10 Int+5}
rElec    .         Harm     .   y - +1 cloak
rCorr    .         Rampage  .   V - +0 pair of gloves
Will     +....                  Z - +0 pair of boots
Stlth    ++........             q - amulet of the acrobat
HPRegen  0.29/turn              c - +6 ring of dexterity
MPRegen  0.23/turn              l - ring of protection from cold

@: lethally poisoned (-3 -> -33), hasted, very quick
A: breathe fire, AC +8, unfitting armour, fire resistance 1, cold-blooded
a: Breathe Fire, Renounce Religion, Depart the Abyss, Bend Space, Banish,
Corrupt, Enter the Abyss


You were on level 12 of the Dungeon.
You worshipped Lugonu.
Lugonu was extremely pleased with you.
You visited 2 branches of the dungeon, and saw 19 of its levels.
You visited the Abyss 1 time.
You also visited: Bailey.

You collected 1384 gold pieces.
You spent 112 gold pieces at shops.

Inventory:

Hand Weapons
 p - the +5 halberd "Beetlebane" {drain, Str-3 SInv Stlth+}
   (You found it on level 6 of the Lair of Beasts)

   A truly terrible weapon, it drains the life of those it strikes.
   It affects your strength (-3).
   It lets you see invisible.
   It makes you more stealthy.
 H - a +4 spectral mace (weapon)
Missiles
 f - 5 poisoned darts (quivered)
 S - 4 boomerangs of dispersal
 Y - a curare-tipped dart
Armour
 w - the +3 hat of Pondering (worn) {ponderous, Will+ MP+10 Int+5}
   (You took it off Gastronok on level 11 of the Dungeon)

   It affects your intelligence (+5).
   It affects your magic capacity (+10).
   It increases your willpower.
 y - a +1 cloak (worn)
 C - a +0 buckler (worn)
 V - a +0 pair of gloves (worn)
 X - the +4 tower shield of the Hunter {Str-3 Int+4 Dex+7 Stlth-}
   (You took it off an orc in a bailey)

   It affects your strength (-3).
   It affects your intelligence (+4).
   It affects your dexterity (+7).
   It makes you less stealthy.
 Z - a +0 pair of boots (worn)
Jewellery
 c - a +6 ring of dexterity (left hand)
 l - a ring of protection from cold (right hand)
 q - an amulet of the acrobat (around neck)
 B - an amulet of guardian spirit
 F - a ring of wizardry
 M - an amulet of reflection
Wands
 D - a wand of iceblast (9)
 G - a wand of digging (15)
 I - a wand of charming (3)
 J - a wand of acid (1)
 O - a wand of flame (29)
 P - a wand of paralysis (42)
 R - a wand of mindburst (39)
Scrolls
 o - 2 scrolls of identify {@r1}
 u - 6 scrolls of amnesia
 v - 4 scrolls of magic mapping
 z - a scroll of fog
 E - 2 scrolls of enchant armour
 K - a scroll of enchant weapon {unknown}
 L - 4 scrolls of teleportation
 N - a scroll of fear
 Q - a scroll of holy word
 W - 2 scrolls of blinking
Potions
 d - 3 potions of resistance
 g - 3 potions of lignification
 h - 3 potions of attraction
 j - 4 potions of curing {@q1}
 r - a potion of might
 s - a potion of cancellation
 t - 2 potions of brilliance
 x - a potion of mutation {!q}
 A - a potion of flight
 T - a potion of heal wounds {@q2}
 U - 2 potions of haste


   Skills:
 - Level 12.0 Fighting
 + Level 12.0 Maces & Flails
 - Level 9.0 Dodging
 - Level 4.0 Shields
 - Level 4.1 Hexes
 + Level 9.1 Summonings
 - Level 12.8 Invocations


You had 4 spell levels left.
You knew the following spells:

 Your Spells              Type           Power      Damage    Failure   Level
a - Slow                  Hex            16%        N/A       5%          2
q - Call Canine Familiar  Summ           36%        N/A       1%          3
w - Summon Guardian Gole  Hex/Summ       26%        N/A       3%          3

Your spell library contained the following spells:

 Spells                   Type           Power      Damage    Failure   Level
 Summon Small Mammal      Summ           100%       N/A       1%          1
 Call Imp                 Summ           36%        N/A       1%          2
 Corona                   Hex            17%        N/A       3%          1
 Animate Skeleton         Necr           0%         N/A       19%         1
 Apportation              Tloc           0%         N/A       19%         1
 Freeze                   Ice            0%         1d3       19%         1
 Magic Dart               Conj           0%         1d3       19%         1
 Blink                    Tloc           N/A        N/A       28%         2
 Summon Ice Beast         Ice/Summ       18%        N/A       30%         4
 Summon Lightning Spire   Summ/Air       18%        N/A       30%         4
 Conjure Flame            Conj/Fire      0%         6-21      50%         3
 Frozen Ramparts          Ice            0%         1d2       50%         3
 Mephitic Cloud           Conj/Pois/Air  0%         N/A       50%         3
 Ozocubu's Armour         Ice            0%         N/A       50%         3
 Hailstorm                Conj/Ice       0%         3d3       88%         4
 Metabolic Englaciation   Hex/Ice        4%         N/A       93%         5
 Irradiate                Conj/Tmut      0%         3d13      99%         5
 Blade Hands              Tmut           0%         N/A       100%        6
 Statue Form              Tmut/Erth      0%         N/A       100%        6
 Dragon Form              Tmut           0%         N/A       100%        7


Dungeon Overview and Level Annotations

Branches:
Dungeon (13/15) Temple (0/1) D:7 Lair (6/6) D:8 Swamp (0/4) Lair:4 Spider (0/4) Lair:2 Slime (0/5) Lair:5 Orc (0/2) D:9 Vaults (0/5) D:12 D:13 Bailey (visited)

Altars:
Ashenzari
Cheibriados
Fedhas
Hepliaklqana
Kikubaaqudgha
Makhleb
Trog
Uskayaw
Wu Jian
Xom
The Shining One
Jiyva

Shops:
D:5 [

Annotations:
D:12 Nessos
D:13 corrupted, Rupert
Lair:4 2 transporters, Huchymm's ghost, journeyman DsCj
Lair:5 exclusion: 4 oklob plants
Lair:6 corrupted
Abyss:1 Crazy Yiuf


Innate Abilities, Weirdness & Mutations

You can breathe blasts of fire.
Your fiery red scales are hard. (AC +8)
You cannot fit into any form of body armour.
Your flesh is heat resistant. (rF+)
You are cold-blooded and may be slowed by cold attacks.


Message History

The seven-headed hydra bites the small abomination!
The seven-headed hydra bites the small abomination. x3
You climb upwards.
There is a stone staircase leading down here.
Okay, then.
Space bends sharply around you!
The eight-headed hydra blinks!
Nessos blinks!
You blink.
Nessos wields a +2 longbow of flaming.
It bursts into flame!
Nessos shoots an arrow.
The arrow hits you! The arrow burns you.
You are poisoned.
Nessos shoots an arrow.
The arrow hits you!!
* * * LOW HITPOINT WARNING * * *
The arrow burns you.
You are more poisoned.
* * * LOW HITPOINT WARNING * * *
The human hits you.
* * * LOW HITPOINT WARNING * * *
Okay, then.
Okay, then.
Unknown command.
You feel better.
Nessos shoots an arrow.
You block the arrow. The human hits you.
* * * LOW HITPOINT WARNING * * *
The human closely misses you. You block the human's attack.
Okay, then.
Blink to where?
Press: ? - help, Dir - move target
As you read the scroll of blinking, it crumbles to dust.
Nessos blinks!
Nessos shoots an arrow.
The arrow barely misses you.
You feel yourself speed up.
Nessos shoots an arrow.
The arrow misses you.
Nessos blinks!
Nessos stands on their hind legs for a moment.
Nessos blinks!
Nessos shoots an arrow.
The arrow barely misses you.
There is an open door here.
You hear a zap.
Some rock shatters into small pieces.
You close the door.
Nessos shoots an arrow.
The arrow hits you!!
* * * LOW HITPOINT WARNING * * *
The arrow burns you.
You are lethally poisoned!
You die...

#.# #..# ##'####### #.# #.##
#####........# #'### #.#
#...'........# ....###
###'######..##........# ....).#
#........#.# #........#
....#.#####........'.#
#........#
....#....##........###
#........# ....####..'....^...#
#........# ##### ####.....@..#
#........# #####.#+## ######'###
#pc...# #.# #####p####### ###.#
#....p....p)### #...#
#.......ppp...#####'###
#########...........#.#.....(.#
.................p.ยง#.'.......#
#########.........[.###.......#


You could see Nessos (fast) and 3 humans.

Vanquished Creatures
  Gastronok (D:11)
  A boulder beetle (Lair:5)
  5 hydras
  3 two-headed ogres
  2 death yaks (D:8)
  A centaur warrior (D:10)
  An orc knight (Bailey)
  A manticore (D:11)
  2 ugly things (D:12)
  8 elephants
  2 black mambas
  4 unseen horrors
  7 cane toads
  2 rime drakes
  Psyche (D:9)
  5 komodo dragons
  A polar bear (Lair:6)
  4 trolls
  26 blink frogs
  3 hornets
  4 dream sheep (Lair:4)
  4 shadows
  2 wraiths (D:12)
  26 yaks
  5 wyverns
  A basilisk (Lair:5)
  3 steam dragons
  11 vampire mosquitoes
  Edmund (D:6)
  Duvessa (D:4)
  15 water moccasins
  An acid dragon (D:12)
  7 orc warriors
  2 sky beasts
  An ice beast (D:8)
  An ogre (D:6)
  A black bear (D:5)
  5 wolves
  2 necrophages (D:5)
  A centaur (D:8)
  A phantom (D:4)
  A kobold brigand (D:10)
  Blork the orc (D:4)
  13 bullfrogs
  Dowan (D:4)
  3 scorpions
  10 killer bees (D:9)
  7 wights
  2 electric eels (D:10)
  2 howler monkeys (D:10)
  3 centaur zombies
  A hound (D:4)
  3 jellies
  A gnoll shaman (D:8)
  4 orc priests
  2 bullfrog skeletons (D:5)
  3 iguanas
  Natasha (thrice) (D:3)
  7 orc wizards
  3 killer bee zombies
  2 hound skeletons (D:5)
  Robin (D:3)
  A howler monkey zombie (D:8)
  13 adders
  2 shadow imps
  A white imp (D:7)
  An ufetubus (D:5)
  A worm (D:3)
  2 dart slugs (D:1)
  60 orcs
  5 endoplasms
  7 giant cockroaches
  24 goblins
  7 hobgoblins
  10 jackals
  3 quokkas
  13 ball pythons
  3 bats
  A frilled lizard (D:1)
  16 kobolds
418 creatures vanquished.

Vanquished Creatures (collateral kills)
  Joseph (D:10)
  A vampire mosquito (D:12)
  A water moccasin (Lair:3)
  2 wolves
  2 bullfrogs
7 creatures vanquished.

Vanquished Creatures (others)
  A fire dragon (Lair:6)
  A fire crab (Lair:6)
  3 black mambas (Lair:6)
  3 molten gargoyles (Lair:6)
  2 cane toads
  2 komodo dragons (Lair:6)
  2 blink frogs
  5 basilisks (Lair:6)
  10 yaks
  3 wyverns (Lair:6)
  2 steam dragons (Lair:6)
  4 hell hounds (Lair:6)
  3 lava snakes (Lair:6)
  An orc (D:8)
  46 fungi
  65 plants
  4 starspawn tentacles (Lair:6)
157 creatures vanquished.

Grand Total: 582 creatures vanquished

Notes
Turn   | Place    | Note
-------+----------+-------------------------------------------
     0 | Abyss:1  | 1player the Draconian Abyssal Knight began the quest for
                  | the Orb.
     0 | Abyss:1  | Reached XP level 1. HP: 19/19 MP: 2/2
     2 | Abyss:1  | Found a corrupted altar of Lugonu.
    30 | Abyss:1  | Noticed a small abomination
    40 | D:1      | Escaped the Abyss
   348 | D:1      | Reached XP level 2. HP: 26/26 MP: 3/3
   404 | D:1      | Reached * piety under Lugonu
   817 | D:1      | Reached XP level 3. HP: 33/33 MP: 4/4
  1749 | D:2      | Found a faded altar of an unknown god.
  2048 | D:2      | Reached ** piety under Lugonu
  2049 | D:2      | Reached XP level 4. HP: 40/40 MP: 5/5
  2576 | D:3      | HP: 1/40 [kobold/+1 short sword of electrocution (19)]
  2952 | D:3      | Noticed Natasha
  3221 | D:3      | Noticed Robin
  3425 | D:3      | Killed Robin
  3753 | D:3      | Killed Natasha
  3754 | D:3      | Reached XP level 5. HP: 27/47 MP: 4/6
  3994 | D:3      | Found a runed translucent door.
  3995 | D:3      | Noticed Crazy Yiuf
  4062 | D:3      | Noticed Natasha
  4070 | D:3      | Killed Natasha
  4083 | D:3      | Noticed Natasha
  4088 | D:3      | Killed Natasha
  4613 | D:4      | Found a hazy altar of Hepliaklqana.
  4924 | D:4      | Noticed Dowan
  5166 | D:5      | Entered Level 5 of the Dungeon
  5176 | D:5      | Reached skill level 5 in Fighting
  5235 | D:5      | Reached XP level 6. HP: 50/56 MP: 7/7
  5659 | D:5      | Noticed a sky beast
  6191 | D:4      | Noticed Duvessa
  6603 | D:4      | Your scales start taking on a fiery red colour.
  6603 | D:4      | Reached XP level 7. HP: 63/63 MP: 8/8
  6603 | D:4      | Gained mutation: Your flesh is heat resistant. (rF+) [Red
                  | Draconian growth]
  6617 | D:4      | Noticed Blork the orc
  7148 | D:4      | Reached *** piety under Lugonu
  7238 | D:4      | Killed Blork the orc
  7308 | D:5      | Reached skill level 5 in Dodging
  7603 | D:5      | Found Unlarum's Antique Armour Emporium.
  7611 | D:5      | Bought a buckler for 112 gold pieces
  7719 | D:5      | Reached skill level 1 in Shields
  7956 | D:5      | Reached XP level 8. HP: 56/70 MP: 9/9
  8076 | D:6      | Found an ancient bone altar of Kikubaaqudgha.
  8448 | D:6      | Found a hide-covered altar of Uskayaw.
  8491 | D:6      | Noticed Edmund
  8506 | D:6      | Killed Edmund
  8632 | D:6      | Found a blossoming altar of Fedhas.
  8818 | D:5      | Reached skill level 5 in Invocations
  8911 | D:6      | Found a snail-covered altar of Cheibriados.
  8917 | D:6      | Found a shimmering altar of Xom.
  8917 | D:6      | Found an ornate altar of the Wu Jian Council.
  8917 | D:6      | Found a glowing golden altar of the Shining One.
  9870 | D:7      | Found a burning altar of Makhleb.
 10134 | D:7      | Found a staircase to the Ecumenical Temple.
 10676 | D:7      | Reached skill level 1 in Summonings
 11357 | D:7      | Reached XP level 9. HP: 51/75 MP: 4/13
 11695 | D:8      | Found a staircase to the Lair.
 11696 | D:8      | Noticed a death yak
 11696 | D:8      | Noticed a death yak
 11763 | D:8      | Learned a level 3 spell: Call Canine Familiar
 11877 | D:8      | Found a broken altar of Ashenzari.
 12135 | D:8      | Killed a death yak
 12136 | D:8      | Reached skill level 5 in Summonings
 12594 | D:8      | Reached skill level 5 in Maces & Flails
 12598 | D:8      | You fall into a shaft and drop 1 floor!
 12689 | D:9      | Reached XP level 10. HP: 83/83 MP: 16/16
 12966 | D:8      | Noticed a death yak
 13011 | D:8      | Killed a death yak
 13411 | D:8      | Noticed a two-headed ogre
 13421 | D:8      | Banished a two-headed ogre
 13776 | D:9      | Found a staircase to the Orcish Mines.
 13925 | D:9      | Reached **** piety under Lugonu
 14057 | D:9      | Noticed Psyche
 14064 | D:9      | Killed Psyche
 14678 | D:10     | Entered Level 10 of the Dungeon
 14681 | D:10     | Found a flagged portal.
 14707 | Bailey   | Entered a bailey
 14935 | Bailey   | Identified the +8 spear of Bloodstone {elec, Str+5}
 14935 | Bailey   | Identified the +5 steam dragon scales of the Gate {rN++}
 14935 | Bailey   | Identified the +4 tower shield of the Hunter {Str-3 Int+4
                  | Dex+7 Stlth-}
 14937 | Bailey   | Noticed an orc knight
 15065 | Bailey   | Killed an orc knight
 15092 | Bailey   | Reached XP level 11. HP: 97/97 MP: 17/17
 15661 | D:10     | Identified the +7 rapier of Dung {vorpal, *Rage rPois
                  | Str+5}
 15762 | D:10     | Noticed Joseph
 15782 | D:10     | Noticed a centaur warrior
 15785 | D:10     | Killed Joseph
 15799 | D:10     | Killed a centaur warrior
 16475 | D:11     | Reached ***** piety under Lugonu
 16806 | D:11     | Noticed a two-headed ogre
 16814 | D:11     | Killed a two-headed ogre
 17333 | D:11     | Noticed Gastronok
 17449 | D:11     | Killed Gastronok
 18036 | Lair:1   | Entered Level 1 of the Lair of Beasts
 18059 | Lair:1   | You fall into a shaft and drop 1 floor!
 18090 | Lair:2   | Found a hole to the Spider Nest.
 18147 | Lair:2   | Reached XP level 12. HP: 97/104 MP: 18/18
 18174 | Lair:2   | Learned a level 3 spell: Summon Guardian Golem
 19966 | Lair:2   | Reached skill level 10 in Fighting
 20078 | Lair:2   | Reached skill level 10 in Maces & Flails
 21170 | Lair:3   | Reached skill level 10 in Invocations
 21361 | Lair:3   | You fall into a shaft and drop 3 floors!
 21361 | Lair:6   | Entered Level 6 of the Lair of Beasts
 21704 | Lair:3   | Noticed an eight-headed hydra
 21712 | Lair:3   | Killed an eight-headed hydra
 22469 | Lair:4   | Found a transporter.
 22473 | Lair:4   | Found a transporter.
 22474 | Lair:4   | Found a bloodstained altar of Trog.
 22475 | Lair:4   | Noticed Huchymm's ghost (journeyman DsCj)
 22489 | Lair:4   | Learned a level 2 spell: Slow
 22720 | Lair:4   | Noticed a five-headed hydra
 22728 | Lair:4   | Killed a five-headed hydra
 22729 | Lair:4   | Reached skill level 1 in Hexes
 22884 | Lair:4   | Reached XP level 13. HP: 61/116 MP: 21/21
 24193 | Lair:4   | Found a staircase to the Swamp.
 25704 | Lair:5   | Found a staircase to the Slime Pits.
 25704 | Lair:5   | Found a viscous altar of Jiyva.
 26503 | Lair:5   | Reached ****** piety under Lugonu
 27872 | Lair:6   | Corrupted Lair:6
 27872 | Lair:6   | Noticed a Hell Sentinel
 27872 | Lair:6   | Noticed a tentacled starspawn
 27872 | Lair:6   | Noticed a Hell Sentinel
 27874 | Lair:6   | Noticed a tentacled starspawn
 27876 | Lair:6   | Noticed an Executioner
 27877 | Lair:6   | Noticed a starcursed mass
 27882 | Lair:6   | Noticed a bone dragon
 27887 | Lair:6   | Killed a fire dragon
 27900 | Lair:6   | Noticed a starcursed mass
 27901 | Lair:6   | Found a large runed translucent door.
 27901 | Lair:6   | Found a large runed translucent door.
 27952 | Lair:6   | Noticed an Executioner
 28001 | Lair:6   | Identified the +5 halberd "Beetlebane" {drain, Str-3 SInv
                  | Stlth+}
 28728 | D:3      | Banished Crazy Yiuf
 29024 | D:4      | Killed Duvessa
 29027 | D:4      | Killed Dowan
 30628 | D:13     | Found a gate to the Vaults.
 30628 | D:13     | Noticed Rupert
 30628 | D:13     | Noticed Nessos
 30629 | D:13     | Corrupted D:13
 30629 | D:13     | Noticed a tentacled starspawn
 30642 | D:12     | HP: 1/118 [Nessos/arrow (27)]
 30642 | D:12     | Shot with an arrow by Nessos

Illustrated notes

Levels and vault maps discovered:
D:1:      wander_arrival_lonely_grave, layout_rooms, serial_co_window_serial,
          co_window_corner_a, co_window_paths_b, co_window_of_opportunity_a,
          co_window_corner_a, co_window_paths_a, co_window_broadway_a,
          co_window_broadway_b, co_window_of_opportunity_b, co_window_corner_b,
          co_window_4corner_b, co_window_paths_e, glass_columns_b,
          glass_columns_b, minmay_fountain_box, minmay_box_of_dots
D:2:      layout_rooms, ebering_ecumenical_altar_abandoned
D:3:      layout_loops_ring, minmay_cut_off, uniq_natasha,
          uniq_crazy_yiuf_cottage, uniq_robin
D:4:      layout_loops_corners, nzn_hepliaklqana_mist_gate, grunt_tough_drop,
          uniq_duvessa, uniq_blork_the_orc
D:5:      layout_rooms, serial_shops, shop_statue, chequers_serial_rivers_room_a
D:6:      layout_gridville, minitemple, lemuel_tele_altar, lemuel_round_altar,
          uniq_edmund
D:7:      layout_loops_corners, overflow_temple_1_default,
          minmay_temple_entry_mist
D:8:      layout_basic, dpeg_lair_monsters, minmay_ruined_shrine
D:9:      layout_roguey [special_room_orc], orc_0_dummy,
          hangedman_abyss_or_decor_clamps, uniq_psyche
D:10:     layout_basic, enter_bailey_5, uniq_joseph
D:11:     layout_gridville, uniq_gastronok
D:12:     layout_roguey
D:13:     layout_long_grid, david_vaults_3, uniq_jorgrun
Lair:1:   layout_layer_cave
Lair:2:   layout_cave_pods, spider_nest_entry_web_field, serial_bayou_crossing
Lair:3:   layout_cave_pods, serial_bayou_pond_e, cheibrodos_lair_reptile_den
Lair:4:   layout_cave_pods, minmay_swamp_entry_swarm,
          gammafunk_ghost_wrathful_warriors, beast_lair_carwin_10,
          serial_bayou_shore_b, lemuel_fruit_fields, infiniplex_staircase_pool
Lair:5:   layout_concentric_octagons, slime_altar_1,
          chequers_serial_rivers_small_3, cheibrodos_lair_caveside_slide,
          wad_woods_road_02, minmay_lair_oklob_chamber, lemuel_fruit_tree
Lair:6:   cheibrodos_lair_end_hotspot, layout_regular_city

Skill      XL: |  1  2  3  4  5  6  7  8  9 10 11 12 13 |
---------------+----------------------------------------+-----
Maces & Flails | 3 4 5 8 9 10 12 | 12.0
Fighting       | 4 5 6 9 11 12 | 12.0
Dodging        | 4 6 9 |  9.0
Shields        | 2 4 |  4.0
Invocations    | 6 9 11 12 | 12.8
Summonings     | 2 6 9 |  9.1
Hexes          | 2 4 |  4.1

Action                   |  1- 3 |  4- 6 |  7- 9 | 10-12 | 13-15 || total
-------------------------+-------+-------+-------+-------+-------++-------
Melee: Dagger            |    66 |       |       |       |       ||    66
       Tailslap          |    28 |    28 |    42 |    87 |    61 ||   246
       Mace              |     1 |       |    61 |   460 |   341 ||   863
       Short sword       |    79 |   124 |    56 |       |       ||   259
       Whip              |       |   101 |   185 |       |       ||   286
       Trident           |       |       |     6 |       |       ||     6
Throw: Dart              |    11 |    44 |    33 |    15 |       ||   103
 Cast: Call Canine Famil |       |       |     3 |    42 |    30 ||    75
       Summon Guardian G |       |       |       |    15 |    12 ||    27
Invok: Depart the Abyss  |     1 |       |       |       |       ||     1
       Bend Space        |       |     4 |     1 |     1 |     1 ||     7
       Banish            |       |       |     2 |     1 |     1 ||     4
       Corrupt           |       |       |       |       |     2 ||     2
 Abil: Breathe Fire      |       |       |    15 |    24 |       ||    39
Evoke: Wand              |       |       |       |    14 |     7 ||    21
  Use: Scroll            |       |     7 |    10 |     4 |     4 ||    25
       Potion            |       |     3 |     3 |     3 |     2 ||    11
 Stab: Sleeping          |     5 |     4 |     2 |     3 |       ||    14
       Distracted        |       |       |     1 |    10 |     6 ||    17
Armor: Skin              |    54 |    48 |    79 |   162 |    91 ||   434
Dodge: Dodged            |    95 |   136 |   227 |   440 |   317 ||  1215
Block: Buckler           |       |       |    65 |   156 |    94 ||   315

Table legend: (Time is in decaauts)
 A = Elapsed time spent in this place.
 B = Non-inter-level travel time spent in this place.
 C = Inter-level travel time spent in this place.
 D = Time resting spent in this place.
 E = Time spent auto-exploring this place.
 F = Levels seen in this place.
 G = Mean time per level.
                   A        B        C        D        E       F      G
               +--------+--------+--------+--------+--------+-----+--------+
         Total |  31391 |  29744 |   1647 |  10319 |  13530 |  21 | 1494.8 |
       Dungeon |  19693 |  18431 |   1262 |   6713 |   7823 |  13 | 1514.8 |
          Lair |  11073 |  10688 |    385 |   3486 |   5521 |   6 | 1845.5 |
         Abyss |     40 |     40 |      0 |      0 |     30 |   1 |   40.0 |
        Bailey |    584 |    584 |      0 |    120 |    156 |   1 |  584.0 |
               +--------+--------+--------+--------+--------+-----+--------+

Top non-repeatable levels by time:
  Lair:4: 3108 daAuts
     D:3: 2490 daAuts
     D:4: 2090 daAuts
     D:7: 2003 daAuts
  Lair:5: 1890 daAuts
     D:6: 1735 daAuts
     D:1: 1733 daAuts
     D:8: 1653 daAuts
  Lair:1: 1642 daAuts
  Lair:3: 1594 daAuts
  Lair:6: 1516 daAuts
    D:11: 1505 daAuts
    D:12: 1469 daAuts
     D:5: 1386 daAuts
    D:10: 1366 daAuts
